[Event "*** Titled Tuesday Blitz"]
[Site "Chess.com"]
[Date "2018.11.06"]
[Round "8"]
[White "tomozupan"]
[Black "wonderfultime"]
[Result "0-1"]
[WhiteElo "2176"]
[BlackElo "2790"]
[TimeControl "180+2"]
[EndTime "14:49:10 PST"]
[Termination "wonderfultime won by resignation"]

1. d4 d5 2. c4 c6 3. Nc3 Nf6 4.
cxd5 cxd5 5. Nf3 Qb6 6. Ne5 Nc6 7. Nxc6 bxc6 8. e3 e6 9. Bd3 Bd6 10. O-O O-O 11. Na4 Qb8 12. h3 e5 13. dxe5 Bxe5 14.
Nc5 Re8 15. Rb1 a5 16. Qa4 Qb6 17. Qc2 Bd6 18. Na4 Qc7 19. Bd2 Re5 20. Bc3 Rg5 21.
Bxf6 gxf6 22. Bxh7+ Kh8 23. f4 Rg3 24. Rbe1 Bxh3 25.
Kh2 Rxg2+ 26. Qxg2 Bxg2 27. Kxg2 Kxh7 28. Rg1 Kg7 29.
Kf3+ Kf8 0-1

[Event "*** Titled Tuesday Blitz"]
[Site "Chess.com"]
[Date "2018.11.06"]
[Round "8"]
[White "Mikhail_Golubev"]
[Black "Kawhi_Leonard2"]
[Result "1-0"]
[WhiteElo "2456"]
[BlackElo "2285"]
[TimeControl "180+2"]
[EndTime "14:49:14 PST"]
[Termination "Mikhail_Golubev won by resignation"]

1. e4 c5 2. Nf3 d6 3. d4 cxd4 4. Nxd4 Nf6 5. Nc3 g6 6. Be3 Bg7 7. f3 Nc6 8. Qd2 O-O 9. O-O-O d5 10. Nxc6 bxc6 11. Bh6 Bxh6 12. Qxh6 Rb8 13. e5 Nd7 14. e6 fxe6 15. h4 Nf6 16. h5 gxh5 17. g4 hxg4 18. fxg4 Qd6 19. Ne4 Qe5 20. Nxf6+ Rxf6 21. Qxh7+ Kf8 22. Qh8+ Kf7 23. Rh7+ 1-0

[Event "*** Titled Tuesday Blitz"]
[Site "Chess.com"]
[Date "2018.11.06"]
[Round "8"]
[White "Federtiu"]
[Black "mc4chess"]
[Result "1-0"]
[WhiteElo "2634"]
[BlackElo "2505"]
[TimeControl "180+2"]
[EndTime "14:49:26 PST"]
[Termination "Federtiu won by resignation"]

1. e4 c5 2. Nf3 e6 3. g3 Nf6 4.
d3 d5 5. exd5 Nxd5 6. Bg2 Be7 7.
O-O O-O 8. c3 Nc6 9. a3 b6 10.
b4 Bb7 11. Qb3 Nf6 12. Rd1 Rc8 13. Bf4 Nd5 14. Bc1 Bf6 15. Bb2 Qe7 16. Nbd2 Rfd8 17. Ne4 cxb4 18. axb4 a6 19. Nfd2 Ne5 20. c4 Nxb4 21. Nxf6+ gxf6 22. Bxb7 Qxb7 23. Qxb4 Nxd3 24. Qc3 Nxb2 25. Qxb2 f5 26. Qb3 Rd6 27. Nf3 Rdc6 28. Ne5 Rc5 29. Rd7 R8c7 30. Rd8+ Kg7 31. Qb2 f6 32. Nd3 Rxc4 33. Nf4 Qe4 34. h4 Rc2 35. Nh5+ 1-0

[Event "*** Titled Tuesday Blitz"]
[Site "Chess.com"]
[Date "2018.11.06"]
[Round "8"]
[White "AkibaRubi"]
[Black "Mbneu"]
[Result "0-1"]
[WhiteElo "2467"]
[BlackElo "2275"]
[TimeControl "180+2"]
[EndTime "14:49:28 PST"]
[Termination "Mbneu won on time"]

1. d4 Nf6 2. c4 c5 3. e3 g6 4.
Nf3 Bg7 5. Nc3 b6 6. Be2 O-O 7.
O-O Bb7 8. d5 Na6 9. a3 Nc7 10.
b4 d6 11. Bb2 a6 12. b5 axb5 13. Nxb5 Nxb5 14. cxb5 Nxd5 15. Bxg7 Kxg7 16. a4 Nb4 17.
Qd2 e5 18. Rfd1 e4 19. Ne1 d5 20. Nc2 Nxc2 21. Qxc2 Qf6 22. f3 Rfe8 23. Rab1 d4 24.
Qb2 d3 25. Qxf6+ Kxf6 26. Bf1 Rxa4 27. fxe4 Bxe4 28. Bxd3 Ke5 29. Bxe4 Rxe4 30. Kf2 f5 31. Rd7 h5 32. Rb7 Re6 33. Rb3 Rb4 34. Ra3 Rxb5 35.
Ra6 Ke4 0-1

[Event "*** Titled Tuesday Blitz"]
[Site "Chess.com"]
[Date "2018.11.06"]
[Round "8"]
[White "TigranLPetrosyan"]
[Black "chessdjw"]
[Result "1-0"]
[WhiteElo "2815"]
[BlackElo "2610"]
[TimeControl "180+2"]
[EndTime "14:49:32 PST"]
[Termination "TigranLPetrosyan won by resignation"]

1. Nf3 d5 2. g3 g6 3. Bg2 Bg7 4. O-O Nf6 5. d3 O-O 6. Nbd2 a5 7. e4 Nc6 8. e5 Nd7 9. d4 f6 10. exf6 exf6 11. Re1 Re8 12. Rxe8+ Qxe8 13. Nf1 a4 14. Ne3 Nb6 15. Ne1 Be6 16. c3 Nd8 17. Nd3 Bf7 18.
Bd2 c6 19. Qc2 Ne6 20. Re1 Qd7 21. b3 axb3 22. axb3 Nc8 23. Qb2 Nd6 24. c4 dxc4 25. bxc4 Ng5 26. h4 Nge4 27. Bb4 Re8 28. Qc2 b5 29. Bxd6 Qxd6 30. cxb5 cxb5 31. Nc5 f5 32. Nxe4 fxe4 33. d5 Bxd5 34. Rd1 Re5 35. Nxd5 Rxd5 36. Qb3 Bd4 37. Rxd4 1-0

[Event "*** Titled Tuesday Blitz"]
[Site "Chess.com"]
[Date "2018.11.06"]
[Round "8"]
[White "albi1999"]
[Black "GMHess"]
[Result "0-1"]
[WhiteElo "2456"]
[BlackElo "2660"]
[TimeControl "180+2"]
[EndTime "14:49:35 PST"]
[Termination "GMHess won by resignation"]

1. d4 g6 2. Nf3 Bg7 3. g3 f5 4. Bg2 Nf6 5. O-O O-O 6. b3 a5 7.
Bb2 a4 8. c4 Ne4 9. Nfd2 Nd6 10. bxa4 c5 11. e3 Nc6 12. Nc3 cxd4 13. Nb5 dxe3 14.
Bxg7 exf2+ 15. Rxf2 Kxg7 16. Nxd6 exd6 17. Nb3 Rxa4 18.
Qxd6 Rxc4 19. Rd1 Qf6 20. Qd3 Ne5 21. Qd5 Rc6 22. Na5 Ng4 23. Re2 Re6 24. Rxe6 dxe6 25. Qd4 e5 26. Qb4 e4 27. Nxb7 Bxb7 28. Qxb7+ Rf7 29. Qb6 Qxb6+ 0-1

[Event "*** Titled Tuesday Blitz"]
[Site "Chess.com"]
[Date "2018.11.06"]
[Round "8"]
[White "saraswathii"]
[Black "sere99"]
[Result "0-1"]
[WhiteElo "2269"]
[BlackElo "2314"]
[TimeControl "180+2"]
[EndTime "14:49:44 PST"]
[Termination "sere99 won by resignation"]

1. e4 c6 2. d3 d5 3. Nd2 e5 4. Ngf3 Bd6 5. g3 Nf6 6. Bg2 O-O 7. O-O Qc7 8. Qe2 Re8 9. h3 Nbd7 10. Re1 dxe4 11.
dxe4 b5 12. a4 a6 13. c3 Bb7 14. Nh4 Bf8 15. Ndf3 Nc5 16. axb5 cxb5 17. Nh2 Nb3 18. Rb1 Nxc1 19. Rbxc1 Bc6 20. Nf5 a5 21. Ng4 Nxg4 22.
Qxg4 a4 23. Re3 a3 24. bxa3 Rxa3 25. Rf3 g6 26. Rd3 b4 27. Ne3 b3 28. Rb1 Rb8 29.
Qd1 Ba4 30. Nd5 Qc4 31. Ne3 Qc8 32. h4 b2 33. Qe1 Bc5 34. Nc4 Bc2 35. Nxa3 Bxd3 0-1

[Event "*** Titled Tuesday Blitz"]
[Site "Chess.com"]
[Date "2018.11.06"]
[Round "8"]
[White "Alohamora11"]
[Black "mitrabhaa"]
[Result "0-1"]
[WhiteElo "2327"]
[BlackElo "2598"]
[TimeControl "180+2"]
[EndTime "14:49:51 PST"]
[Termination "mitrabhaa won on time"]

1. e4 c6 2. d4 d5 3. exd5 cxd5 4. c4 Nf6 5. Nc3 Nc6 6. Bg5 Be6 7. Be2 h6 8. Bxf6 exf6 9. Bf3 Bb4 10. cxd5 Bxd5 11. Qe2+ Kf8 12. Qb5 Qe7+ 13. Kf1 Bxf3 14. Nxf3 g6 15.
d5 Ne5 16. Nxe5 fxe5 17. Ne4 Kg7 18. g3 a6 19. Qa4 Rhd8 20. Rd1 f5 21. Nc3 b5 22.
Qb3 Bd6 23. Kg1 Rac8 24. h4 Rc4 25. a4 Rb4 26. Qc2 h5 27. axb5 axb5 28. Kg2 Rc8 29.
Qd3 e4 30. Qe3 Bc5 31. Qe2 Qf6 32. Rd2 Bd6 33. Nxb5 Be5 34. Ra1 f4 35. Ra7+ Kh6 36.
Kg1 Rc1+ 37. Kh2 fxg3+ 38. fxg3 Rb3 39. Rd3 Rxd3 0-1

[Event "*** Titled Tuesday Blitz"]
[Site "Chess.com"]
[Date "2018.11.06"]
[Round "8"]
[White "Ramosha"]
[Black "Peroncio"]
[Result "1-0"]
[WhiteElo "2483"]
[BlackElo "2626"]
[TimeControl "180+2"]
[EndTime "14:49:56 PST"]
[Termination "Ramosha won by resignation"]

1. d4 f5 2. Nf3 Nf6 3. Bg5 e6 4. Nbd2 Be7 5. Bxf6 Bxf6 6. e4 d5 7. exf5 exf5 8. c4 Qe7+ 9. Be2 dxc4 10. O-O O-O 11. Bxc4+ Kh8 12. Re1 Qb4 13. Qb3 Qxb3 14. Nxb3 Nc6 15. Rad1 a5 16. Ne5 Nd8 17. Nc5 Bxe5 18.
dxe5 Nc6 19. e6 Ne7 20. Nd7 Rg8 21. Ne5 g6 22. h4 Kg7 23. h5 a4 24. Nf7 Kf6 25.
h6 g5 26. Ne5 Re8 27. g4 f4 28. Nd7+ Kg6 29. Bd3+ Kxh6 30. Kg2 Kg7 31. Re5 h6 32. Rh1 Nc6 33. Rxg5+ 1-0

[Event "*** Titled Tuesday Blitz"]
[Site "Chess.com"]
[Date "2018.11.06"]
[Round "8"]
[White "pulvettd"]
[Black "Pudor"]
[Result "1-0"]
[WhiteElo "2513"]
[BlackElo "2323"]
[TimeControl "180+2"]
[EndTime "14:49:56 PST"]
[Termination "pulvettd won by resignation"]

1. e4 c5 2. Nf3 Nc6 3. d4 cxd4 4. Nxd4 Qc7 5. Nc3 e6 6. f4 a6 7. Nxc6 Qxc6 8. Bd3 b5 9. Qe2 b4 10. Nd5 Bb7 11. Bd2 a5 12. Rc1 Bc5 13. c3 bxc3 14.
Bxc3 f6 15. Qh5+ g6 16. Qe2 Kf7 17. Bb5 Qd6 18. Nxf6 Nxf6 19. Bxf6 Rhc8 20. Bc3 Bd4 21. Rf1 Rc5 22. a4 Rac8 23. Rf3 Bxc3+ 24. bxc3 Kg7 25. Rd1 Qb6 26. Rxd7+ Kg8 27. Qd2 Bxe4 28. Qd4 e5 29. Qxe4 Rxc3 30. Rxc3 Qg1+ 31. Ke2 1-0

[Event "*** Titled Tuesday Blitz"]
[Site "Chess.com"]
[Date "2018.11.06"]
[Round "8"]
[White "gemarin"]
[Black "Bad4life"]
[Result "0-1"]
[WhiteElo "2071"]
[BlackElo "2279"]
[TimeControl "180+2"]
[EndTime "14:49:56 PST"]
[Termination "Bad4life won on time"]

1. d4 d6 2. c4 Nf6 3. Nc3 e5 4.
Nf3 Nbd7 5. g3 c6 6. Bg2 Be7 7. O-O O-O 8. e3 a6 9. Qc2 Re8 10. Rd1 Qc7 11. b3 Nf8 12. Bb2 Ng6 13. h3 Bf8 14.
Rac1 Qb8 15. Ng5 Ra7 16. dxe5 Rxe5 17. Nce4 Nxe4 18. Nxe4 Rh5 19. g4 Ra5 20. Qc3 Rxa2 21.
Ra1 Rxb2 22. Qxb2 b5 23. cxb5 Qxb5 24. Nxd6 Qb8 25. Nxc8 Qxc8 26. Qc3 c5 27. Qc4 Ne5 28. Qd5 Qb8 29. Qd8 Qb5 30. Rab1 h5 31. gxh5 Re7 32. Qa8 Nd7 33. Qb7 Nb6 34. Qxb6 Qxb6 0-1

[Event "*** Titled Tuesday Blitz"]
[Site "Chess.com"]
[Date "2018.11.06"]
[Round "8"]
[White "Fy_Rakotomaharo"]
[Black "dhanushbharadwaj"]
[Result "1/2-1/2"]
[WhiteElo "2409"]
[BlackElo "2489"]
[TimeControl "180+2"]
[EndTime "14:50:00 PST"]
[Termination "Game drawn by agreement"]

1. e4 c6 2. d4 d5 3. Nc3 dxe4 4. Nxe4 Nf6 5. Nxf6+ exf6 6. c3 Be7 7. Bd3 g6 8.
Bh6 Nd7 9. Ne2 Bf8 10. Qd2 Bxh6 11. Qxh6 Qe7 12. O-O-O Qf8 13. Qh4 h5 14. Rhe1 Qh6+ 15. Kb1 O-O 16. g4 g5 17. Qxh5 Qxh5 18. gxh5 Kg7 19.
Ng3 Nb6 20. c4 Bg4 21. Rc1 Rad8 22. d5 cxd5 23. c5 Nc4 24. Bxc4 dxc4 25. Rxc4 Be6 26. Rc2 f5 27. Kc1 Rfe8 28. Rd2 Rc8 29. b4 b6 30. Rc2 f4 31. Nf1 bxc5 32. bxc5 Rc6 33. Nd2 Rec8 34. Ne4 Bf5 35. Kb2 Bxe4 36. Rxe4 Rxc5 37. Rxc5 Rxc5 38. Re7 a5 39. h6+ Kxh6 40. Rxf7 Re5 41. Kb3 Re2 42. Rf5 Rxf2 43. Rxa5 Rxh2 44. Rf5 Kg6 45. Rf8 g4 46. Rxf4 Kg5 47. Rf8 g3 48. a4 Rh1 49. Kb2 1/2-1/2

[Event "*** Titled Tuesday Blitz"]
[Site "Chess.com"]
[Date "2018.11.06"]
[Round "8"]
[White "Bryakin_Mikhail"]
[Black "Jbd735"]
[Result "1-0"]
[WhiteElo "2694"]
[BlackElo "2492"]
[TimeControl "180+2"]
[EndTime "14:50:04 PST"]
[Termination "Bryakin_Mikhail won by resignation"]

1. d4 d5 2. Nf3 Nf6 3. c4 c6 4. g3 e6 5. Bg2 dxc4 6. Ne5 b5 7. Nxc6 Qb6 8. Nxb8 Bb7 9. Bxb7 Qxb7 10. O-O Rxb8 11. a4 b4 12. Nd2 Qd5 13. Qc2 Rc8 14. b3 c3 15. Nc4 Qxd4 16. Be3 Qd7 17. Rfd1 Qb7 18. a5 Nd5 19. a6 Qc7 20. Bd4 f6 21. e4 Ne7 22. Bb6 Qc6 23. Nd6+ Kd7 1-0

[Event "*** Titled Tuesday Blitz"]
[Site "Chess.com"]
[Date "2018.11.06"]
[Round "8"]
[White "IvanRadivojevic"]
[Black "ChainsOfFantasia"]
[Result "1-0"]
[WhiteElo "2409"]
[BlackElo "2341"]
[TimeControl "180+2"]
[EndTime "14:50:13 PST"]
[Termination "IvanRadivojevic won by resignation"]

1. e4 e6 2. d4 d5 3. Nc3 Bb4 4. e5 c5 5. a3 Bxc3+ 6. bxc3 Qa5 7. Bd2 c4 8. h4 Qa4 9. h5 h6 10. Rh4 Ne7 11. Rf4 Nbc6 12. g4 Bd7 13. Qf3 Rf8 14. Kd1 g5 15. hxg6 Nxg6 16. Rf6 O-O-O 17. Bxh6 Rh8 18.
Be3 Ngxe5 19. dxe5 Nxe5 20. Qf4 Rh1 21. Qxe5 Rxg1 22.
Kd2 Rxg4 23. Rxf7 Re4 24. Qd6 Qa5 25. Qc5+ Qxc5 26. Bxc5 b6 27. Be3 e5 28. Bg2 Rg4 29.
Bh3 d4 30. Bxg4 dxe3+ 31. Kxe3 Bxg4 32. Rg1 Bd7 33. Rgg7 Kc7 34. Ke4 Kd6 35. Rxd7+ Rxd7 36. Rxd7+ Kxd7 37. Kxe5 1-0

[Event "*** Titled Tuesday Blitz"]
[Site "Chess.com"]
[Date "2018.11.06"]
[Round "8"]
[White "maximlavrov"]
[Black "BilodeauA"]
[Result "0-1"]
[WhiteElo "2617"]
[BlackElo "2854"]
[TimeControl "180+2"]
[EndTime "14:50:15 PST"]
[Termination "BilodeauA won by resignation"]

1. Nf3 d5 2. g3 Nf6 3. Bg2 Bf5 4.
O-O c6 5. c4 e6 6. cxd5 exd5 7. d3 Na6 8. Nc3 Be7 9. a3 O-O 10.
Qc2 Nc5 11. b4 Ne6 12. e4 Bg6 13. Ne5 a5 14. Nxg6 hxg6 15. Rb1 axb4 16. axb4 Nd4 17. Qd1 Re8 18. Re1 Bf8 19. Be3 Ne6 20. exd5 cxd5 21.
d4 Ra3 22. Qc1 Ra8 23. h3 Qd7 24. Qd2 Rac8 25. Qd3 Ra8 26. Qc2 Nc7 27. Qb3 Re6 28.
b5 b6 29. Ra1 Rae8 30. Ra7 Qd8 31. Ne2 Bd6 32. Rc1 Ne4 33. Nf4 Nxg3 34. Nxe6 Ne2+ 35.
Kf1 Nxe6 36. Rca1 N2xd4 37. Qxd5 Nf5 38. Ra8 Nxe3+ 39. fxe3 Qf6+ 40. Qf3 Kf8 41. Rxe8+ Kxe8 42. Qxf6 gxf6 0-1

[Event "*** Titled Tuesday Blitz"]
[Site "Chess.com"]
[Date "2018.11.06"]
[Round "8"]
[White "GMSrinath"]
[Black "Iyael"]
[Result "1-0"]
[WhiteElo "2807"]
[BlackElo "2052"]
[TimeControl "180+2"]
[EndTime "14:50:19 PST"]
[Termination "GMSrinath won on time"]

1. d4 Nf6 2. Nf3 g6 3. b3 d5 4.
e3 Bg7 5. Bb2 O-O 6. Nbd2 c6 7.
Be2 Nbd7 8. O-O Ne4 9. c4 Re8 10. Rc1 Nxd2 11. Nxd2 e5 12. cxd5 cxd5 13. dxe5 Nxe5 14.
Bd4 Bd7 15. Nf3 Bc6 16. Nxe5 Bxe5 17. Bxe5 Rxe5 18. Bf3 Qd7 19. Qd4 Qe7 20. Rfd1 a6 21. Qc5 Qf6 22. Qd4 Rd8 23. h3 h5 24. Rc5 Qe7 25. Rdc1 Rf5 26. Be2 Qe6 27. Bxa6 Rd6 28. Bb5 Re5 29. Bxc6 bxc6 30. Rxc6 Rxc6 31. Rxc6 Qxc6 32.
Qxe5 Qc1+ 33. Kh2 Qd2 34. f3 h4 35. a4 Qd1 36. Qb8+ Kg7 37. a5 Qe2 38. Qe5+ Kg8 39. b4 Qc4 40. Qb8+ Kg7 41. b5 1-0

[Event "*** Titled Tuesday Blitz"]
[Site "Chess.com"]
[Date "2018.11.06"]
[Round "8"]
[White "sandager"]
[Black "Atanejhad"]
[Result "0-1"]
[WhiteElo "2120"]
[BlackElo "2253"]
[TimeControl "180+2"]
[EndTime "14:50:19 PST"]
[Termination "Atanejhad won by resignation"]

1. e4 c5 2. Nf3 e6 3. d4 cxd4 4. Nxd4 a6 5. Be2 Qc7 6. O-O Nf6 7. Nc3 b5 8. a3 Bb7 9. f3 Bc5 10. Be3 Nc6 11. Qd2 Qb6 12. Rad1 g6 13. f4 d6 14. b4 Bxd4 15. Bxd4 Nxd4 16. Qxd4 Qxd4+ 17. Rxd4 Rc8 18. Rf3 Ke7 19. Rfd3 Rc7 20. e5 dxe5 21. fxe5 Nd5 22. Nxd5+ Bxd5 23. Rd2 Rhc8 24. Bd3 Rc3 25. Be4 Bxe4 26. Rxe4 Rxa3 27. Red4 Ra2 28. Rd7+ Kf8 29. Ra7 Rcxc2 30. Rxc2 Rxc2 31. Rxa6 Rb2 32. g3 Rxb4 33. Kf2 Re4 34. Kf3 Rxe5 35. Rb6 Rd5 36. Kf4 Kg7 37.
Rb7 Kf6 38. g4 g5+ 39. Ke4 Rc5 40. Rb6 Rc4+ 41. Kf3 b4 42. Kg3 Rc3+ 43. Kg2 b3 44.
h3 h6 45. Rb5 Kg6 46. Rb4 f5 47.
gxf5+ exf5 48. Rb6+ Kh5 49. Rb4 Rc2+ 50. Kg3 b2 51.
Rb5 f4+ 52. Kf3 Kh4 53. Rb3 Rc3+ 54. Rxc3 b1=Q 0-1

[Event "*** Titled Tuesday Blitz"]
[Site "Chess.com"]
[Date "2018.11.06"]
[Round "8"]
[White "Koksik_13"]
[Black "Polish_fighter3000"]
[Result "1/2-1/2"]
[WhiteElo "2734"]
[BlackElo "2968"]
[TimeControl "180+2"]
[EndTime "14:50:21 PST"]
[Termination "Game drawn by repetition"]

1. e4 c5 2. c3 d5 3. exd5 Qxd5 4. d4 Nf6 5. Nf3 e6 6. Be2 cxd4 7. cxd4 Be7 8. Nc3 Qd6 9. O-O O-O 10. Ne5 Nc6 11.
Nxc6 bxc6 12. Be3 a5 13. Rc1 Ba6 14. Bxa6 Rxa6 15. Qe2 Raa8 16. Na4 Nd5 17. Nc5 a4 18. Rc4 Nb6 19. Rc2 Qd5 20. a3 Rfc8 21. Rfc1 h6 22. Nd3 Bd6 23. g3 Qb5 24. Bf4 Bf8 25. Ne5 Qxe2 26. Rxe2 Nd5 27. Be3 Ra6 28. Rec2 Ne7 29.
Kf1 f6 30. Nd3 Nd5 31. Ke2 Kf7 32. Bd2 Ke8 33. Be3 Kd7 34. h4 h5 35. Bd2 Bd6 36.
Rc4 Rb8 37. R1c2 Rb3 38. Rc1 Rb5 39. R1c2 Rb3 40. Rc1 Rb5 41. R1c2 Rb3 1/2-1/2

[Event "*** Titled Tuesday Blitz"]
[Site "Chess.com"]
[Date "2018.11.06"]
[Round "8"]
[White "SimonKnightRivendell"]
[Black "DonPreuss"]
[Result "0-1"]
[WhiteElo "1954"]
[BlackElo "2118"]
[TimeControl "180+2"]
[EndTime "14:50:22 PST"]
[Termination "DonPreuss won on time"]

1. d4 Nc6 2. Nf3 d6 3. e4 g6 4. Bc4 Bg7 5. O-O e6 6. h3 Nge7 7. a3 O-O 8. Re1 d5 9. exd5 exd5 10. Bb5 Nf5 11. Bxc6 bxc6 12. b4 Nh4 13. Nbd2 Nf5 14. Nb3 Qd6 15. Bg5 h6 16. Bd2 g5 17. Nc5 Nxd4 18. Nxd4 Bxd4 19. Bxg5 Bxa1 20. Be7 Qg6 21. Qxa1 Bxh3 22. g3 Rfe8 23. Nd3 Qg7 24. Bf6 Rxe1+ 25.
Nxe1 Qg6 26. Nd3 Re8 27. Nf4 Qf5 28. Bh8 f6 29. Bxf6 Kf7 30. Bh8 Rg8 31. Be5 Bg4 32.
Bxc7 Bf3 33. Qc3 Qe4 0-1

[Event "*** Titled Tuesday Blitz"]
[Site "Chess.com"]
[Date "2018.11.06"]
[Round "8"]
[White "saikrishnaReturns"]
[Black "Gr3egor"]
[Result "0-1"]
[WhiteElo "2611"]
[BlackElo "2502"]
[TimeControl "180+2"]
[EndTime "14:50:24 PST"]
[Termination "Gr3egor won by checkmate"]

1. e4 c6 2. Nc3 d5 3. Nf3 Bg4 4. h3 Bxf3 5. Qxf3 e6 6. d3 Nd7 7. Be2 Ngf6 8. O-O Bd6 9. d4 dxe4 10. Nxe4 Nxe4 11. Qxe4 Nf6 12. Qh4 Be7 13. Bd3 h6 14. c3 Qc7 15. Bf4 Bd6 16. Be3 O-O-O 17. f4 Nd5 18.
Bd2 g5 19. fxg5 hxg5 20. Qf2 Nf4 21. Bxf4 Bxf4 22. b4 f5 23. b5 Bg3 24. Qe2 Bh2+ 25. Kh1 g4 26. Qxe6+ Kb8 27. Bxf5 Rde8 28. Qc4 gxh3 29.
Bxh3 Re3 30. bxc6 Rexh3 31. gxh3 Bg1 32. Qe2 Bxd4 33. cxd4 Rxh3+ 34. Kg1 Qg7+ 35. Qg2 Qxd4+ 36. Rf2 Qxa1+ 37. Qf1 Qg7+ 38. Rg2 Qd4+ 39. Qf2 Qd1+ 40. Qf1 Rh1+ 41. Kxh1 Qxf1+ 42. Kh2 bxc6 43. a4 Qf4+ 44.
Kh1 Qxa4 45. Rg8+ Kb7 46. Rg7+ Kb6 47. Rg3 c5 48. Kg2 Qe4+ 49. Kf1 Qf4+ 50. Kg2 Qxg3+ 51.
Kxg3 Kb5 52. Kf3 Kb4 53. Ke2 Kb3 54. Kd2 c4 55. Kc1 Kc3 56. Kb1 Kd2 57. Ka1 c3 58. Ka2 c2 59. Kb3 c1=Q 60. Ka2 Qc4+ 61. Kb1 Qb5+ 62. Ka2 Kc2 63. Ka3 Qb3# 0-1

[Event "*** Titled Tuesday Blitz"]
[Site "Chess.com"]
[Date "2018.11.06"]
[Round "8"]
[White "SaraciNderim"]
[Black "Shivagami"]
[Result "1-0"]
[WhiteElo "2645"]
[BlackElo "2042"]
[TimeControl "180+2"]
[EndTime "14:50:24 PST"]
[Termination "SaraciNderim won by checkmate"]

1. e4 Nc6 2. Nf3 d6 3. h3 Nf6 4. Nc3 e5 5. d4 Be7 6. Be3 O-O 7. Qd2 exd4 8. Nxd4 Nxd4 9. Bxd4 a6 10. O-O-O b5 11.
Kb1 b4 12. Nd5 Rb8 13. Bc4 Be6 14. Rhe1 a5 15. g4 Nd7 16. f4 c6 17. Ne3 c5 18. Bxg7 Kxg7 19. Nf5+ Kg8 20. e5 Bxc4 21. exd6 Bf6 22. g5 Bg7 23. Ne7+ Kh8 24. f5 f6 25. Re4 Bg8 26. g6 Ne5 27. Rh4 Qd7 28. Qd5 Rbe8 29. Qxg8+ Rxg8 30. Rxh7# 1-0

[Event "*** Titled Tuesday Blitz"]
[Site "Chess.com"]
[Date "2018.11.06"]
[Round "8"]
[White "ShadyH9"]
[Black "Andrew-FB00"]
[Result "1-0"]
[WhiteElo "2272"]
[BlackElo "1778"]
[TimeControl "180+2"]
[EndTime "14:50:25 PST"]
[Termination "ShadyH9 won by resignation"]

1. d4 Nf6 2. c4 e6 3. Nf3 b6 4.
a3 Be7 5. Nc3 Bb7 6. d5 exd5 7.
cxd5 d6 8. e4 Nbd7 9. Bd3 Ne5 10. Nxe5 dxe5 11. O-O O-O 12. Be3 c6 13. Bc4 cxd5 14.
exd5 Qd6 15. Nb5 Qd7 16. d6 Bd8 17. Rc1 a6 18. Nc7 Bxc7 19. dxc7 b5 20. Qxd7 Nxd7 21. Ba2 Rac8 22. Rfd1 Nf6 23. Bg5 Ne4 24. Be7 Rfe8 25. Bd8 Nf6 26. Bxf6 gxf6 27. Rd7 Rf8 28. Rcd1 Kg7 29.
Re7 Rce8 30. Rxe8 Rxe8 31. Rd8 Kf8 32. Bd5 Bc8 33. Bc6 1-0

[Event "*** Titled Tuesday Blitz"]
[Site "Chess.com"]
[Date "2018.11.06"]
[Round "8"]
[White "Me_ch_an"]
[Black "norwaytoadog"]
[Result "1-0"]
[WhiteElo "2233"]
[BlackElo "2142"]
[TimeControl "180+2"]
[EndTime "14:50:32 PST"]
[Termination "Me_ch_an won by checkmate"]

1. e4 e5 2. Nf3 Nc6 3. Bb5 a6 4. Ba4 Nf6 5. Qe2 b5 6. Bb3 Be7 7. O-O O-O 8. c3 d6 9. Rd1 Bb7 10. d3 Na5 11. Bc2 c5 12. Nbd2 Qc7 13. Nf1 Rfe8 14.
Ng3 Bf8 15. Nf5 d5 16. Bg5 Qb6 17. h3 c4 18. b4 cxd3 19. Bxd3 dxe4 20. Bxe4 Nxe4 21.
bxa5 Qg6 22. N5h4 Qc6 23. Bd2 Rad8 24. Rac1 Bc5 25. Be3 Ba3 26. Rxd8 Rxd8 27. Rd1 Rxd1+ 28. Qxd1 Nxc3 29. Qd8+ Bf8 30. Nf5 Qe6 31. Bc5 Ne2+ 32. Kh2 h5 33. Qxf8+ Kh7 34. Qxg7# 1-0

[Event "*** Titled Tuesday Blitz"]
[Site "Chess.com"]
[Date "2018.11.06"]
[Round "8"]
[White "AttackSparrow"]
[Black "ahachess"]
[Result "1-0"]
[WhiteElo "2231"]
[BlackElo "2323"]
[TimeControl "180+2"]
[EndTime "14:50:33 PST"]
[Termination "AttackSparrow won by resignation"]

1. e4 g6 2. d4 Bg7 3. Nc3 d6 4.
g3 a6 5. a4 b6 6. Bg2 Bb7 7. Nge2 e6 8. O-O Ne7 9. Be3 O-O 10. f4 Nd7 11. Qd2 f5 12. Rae1 Qc8 13. h3 Nf6 14. e5 Nfd5 15. Nxd5 Nxd5 16. Bf2 dxe5 17. dxe5 c5 18. Rd1 Rd8 19. c4 Nb4 20. Qxd8+ Qxd8 21. Rxd8+ Rxd8 22. Bxb7 Rd2 23. Bf3 Nd3 24.
b3 Bf8 25. Nc1 Nb4 26. Rd1 Rb2 27. Be1 Nc2 28. Bc3 Rb1 29. Be2 Ne3 30. Re1 Nc2 31. Bd3 Nxe1 32. Bxb1 Nf3+ 33. Kf2 Nd4 34. Bxd4 cxd4 35.
Ke2 Kf7 36. Kd3 Bc5 37. Ne2 Ke7 38. Nxd4 Kd7 39. Bc2 h6 40. Bd1 g5 41. Bh5 Bb4 42. Bf7 Be1 43. Bxe6+ Ke7 44. Bxf5 Bxg3 45. fxg5 hxg5 46.
Bc8 a5 47. Nf5+ 1-0

[Event "*** Titled Tuesday Blitz"]
[Site "Chess.com"]
[Date "2018.11.06"]
[Round "8"]
[White "MFBerna"]
[Black "xpto15"]
[Result "1-0"]
[WhiteElo "2381"]
[BlackElo "1404"]
[TimeControl "180+2"]
[EndTime "14:50:34 PST"]
[Termination "MFBerna won by resignation"]

1. e4 e5 2. Nf3 Nc6 3. Bb5 g6 4. d4 exd4 5. c3 a6 6. Ba4 dxc3 7. Nxc3 Bg7 8. Bg5 Nge7 9. Nd5 h6 10. Nf6+ Kf8 11. Bh4 g5 12. Nxg5 hxg5 13. Bxg5 d6 14. Bb3 Be6 15. Bxe6 fxe6 16. Qf3 Ne5 17. Qg3 Kf7 18.
Ng4 Nxg4 19. Qxg4 Rf8 20. O-O Qd7 21. f4 Kg8 22. Kh1 Nc6 23. Rad1 Rae8 24. Rf3 Rf7 25. Qh5 Bxb2 26. Rg3 Rg7 27. Rh3 Rh7 28. Qg6+ Qg7 29. Qxe8+ 1-0

[Event "*** Titled Tuesday Blitz"]
[Site "Chess.com"]
[Date "2018.11.06"]
[Round "8"]
[White "juniortay"]
[Black "Caterpiller35"]
[Result "1-0"]
[WhiteElo "2361"]
[BlackElo "2255"]
[TimeControl "180+2"]
[EndTime "14:50:35 PST"]
[Termination "juniortay won by resignation"]

1. e4 c5 2. Nf3 g6 3. d4 cxd4 4. c3 d3 5. c4 Bg7 6. Nc3 Bxc3+ 7. bxc3 Nc6 8. Bxd3 Nf6 9. O-O Qa5 10. Qe2 d6 11. h3 O-O 12. Re1 Be6 13. Rb1 b6 14. Rb5 Qa4 15. e5 dxe5 16. Nxe5 Nxe5 17. Rxe5 Rac8 18. Bh6 Bxc4 19. Rxe7 Bxd3 20. Qxd3 Rfe8 21. Rxe8+ Rxe8 22. Rxe8+ Nxe8 23. Qd8 Qc6 24. Qe7 Ng7 25. Qxa7 b5 26. Qe7 Qe6 27. Qd8+ Ne8 28. Qd4 f6 29. Qa7 Qf7 30.
Qb8 Qd7 31. Be3 Kf7 32. Bd4 h5 33. Qb6 g5 34. Qc5 Nd6 35. Qd5+ Qe6 36. Qxe6+ Kxe6 37. Kf1 Nf5 38. Ke2 b4 39. Kd3 bxc3 40. Bxc3 Nh4 41. g3 Ng6 42. a4 Ne7 43. a5 f5 44.
a6 1-0

[Event "*** Titled Tuesday Blitz"]
[Site "Chess.com"]
[Date "2018.11.06"]
[Round "8"]
[White "MITerryble"]
[Black "VladDobrov"]
[Result "1-0"]
[WhiteElo "2766"]
[BlackElo "2722"]
[TimeControl "180+2"]
[EndTime "14:50:39 PST"]
[Termination "MITerryble won by resignation"]

1. d4 Nf6 2. Nf3 e6 3. c4 b6 4.
g3 Bb7 5. Bg2 g6 6. O-O Bg7 7. Nc3 O-O 8. Qc2 c5 9. Rd1 cxd4 10. Nxd4 Bxg2 11. Kxg2 Qc8 12. b3 a6 13. Bb2 Nc6 14. Nf3 Qb7 15. Ne4 Nxe4 16. Bxg7 Kxg7 17. Qxe4 Ra7 18. Rd6 b5 19. Rad1 bxc4 20. Rxd7 Qb6 21.
R7d6 Rc7 22. Ne5 Rfc8 23. Qf4 Qb7 24. Nxc4 Ne7+ 25. f3 Nf5 26. R6d3 Rf8 27. g4 Nh4+ 28. Kg3 h6 29. Qd4+ Kh7 30. Kxh4 Qb8 31. Qd6 h5 32.
gxh5 Rfc8 33. hxg6+ Kxg6 34. Kg3 Rh8 35. Rd4 f5 36.
Qxe6+ Kg7 37. Qe5+ Kh6 38. Rd6+ Kh7 39. Rd7+ 1-0